AoeStats
← Darealown

Oasis

509946936Analyzed
4v4 RM · 5d ago on Sep 28, 2026· 45m 12s· 8 players
Game mode
Random Map
Map size
Large (8 player)
Population
200
Speed
Normal
Resources
Standard
Victory
Conquest
Starting age
Dark Age
Ending age
Imperial Age
RankedLock teamsTeams togetherTeam positionsShared explorationLock speedFull tech treeHidden civsTurbo modeCheats
Victory
Defeat
🇫🇷 Portuguese · France
1412
+16
🇨🇳 Bulgarians · China
1412
+16
🇫🇷 Persians · France
1408
+16
🇩🇪 Celts · Germany
1403
+16
🇨🇭 Saxons · Switzerland
1484
-20
🇫🇷 Chinese · France
1388
-15
🇷🇺 Mongols · Russia
1376
-15
🇺🇸 Persians · United States
1365
-14
Darealown
6:21 Loom
9:49 Feudal Age
10:19 Double-Bit Axe
10:18 Horse Collar
14:02 Wheelbarrow
14:31 Scale Barding Armor
16:23 Forging
21:17 Castle Age
23:48 Town Watch
24:39 Bow Saw
24:38 Heavy Plow
27:46 Hand Cart
30:18 Coinage
30:31 Gold Mining
40:43 Imperial Age
40:59 Spies/Treason
43:07 Conscription
45:29 Furor Celtica
DH
6:40 Loom
9:22 Feudal Age
10:05 Double-Bit Axe
12:18 Fletching
14:23 Padded Archer Armor
16:46 Horse Collar
22:10 Castle Age
22:14 Crossbowman
22:52 Bodkin Arrow
23:08 Bow Saw
26:03 Heavy Plow
27:55 Leather Archer Armor
29:36 Ballistics
29:17 Pikeman
30:44 Scale Mail Armor
32:03 Gold Mining
36:12 Wheelbarrow
40:08 Imperial Age
40:30 Hand Cart
40:51 Bracer
42:10 Arbalester
44:35 Ring Archer Armor
46:02 Chemistry
44:41 Spies/Treason
chinsa_yama
7:23 Loom
9:45 Feudal Age
11:00 Double-Bit Axe
11:12 Horse Collar
13:19 Forging
14:14 Scale Barding Armor
18:00 Bloodlines
23:11 Castle Age
23:42 Gold Mining
25:56 Husbandry
27:42 Chain Barding Armor
29:41 Iron Casting
32:49 Wheelbarrow
34:32 Hand Cart
36:01 Bow Saw
36:39 Gold Shaft Mining
35:58 Stone Mining
38:59 Heavy Plow
42:35 Imperial Age
40:33 Town Watch
42:02 Light Cavalry
42:45 Hussar
44:03 Plate Barding Armor
44:28 Blast Furnace
43:32 Town Patrol
43:33 Cavalier
46:12 Two-Man Saw
45:43 Crop Rotation
44:47 Savar
喷火龙
12:25 Feudal Age
18:17 Loom
21:52 Fletching
22:46 Padded Archer Armor
22:35 Double-Bit Axe
26:31 Castle Age
27:10 Bodkin Arrow
27:23 Thumb Ring
29:36 Leather Archer Armor
29:44 Bow Saw
31:40 Wheelbarrow
33:00 Horse Collar
35:43 Heavy Plow
37:25 Hand Cart
36:56 Town Watch
40:28 Imperial Age
39:44 Town Patrol
40:46 Ballistics
40:36 Masonry
40:49 Scale Barding Armor
40:55 Forging
41:50 Chain Barding Armor
42:06 Iron Casting
41:32 Bracer
41:02 Elite Konnik
41:10 Pikeman
41:36 Gambesons
41:51 Squires
44:09 Crop Rotation
44:30 Bloodlines
44:20 Husbandry
lorddoc
7:01 Loom
9:01 Feudal Age
12:24 Double-Bit Axe
15:16 Fletching
19:30 Padded Archer Armor
19:45 Horse Collar
25:04 Castle Age
bao
0:46 Loom
10:33 Feudal Age
12:42 Double-Bit Axe
20:46 Castle Age
Martin Eden
7:02 Loom
9:01 Feudal Age
10:13 Double-Bit Axe
12:40 Horse Collar
18:25 Forging
20:43 Scale Barding Armor
21:23 Bloodlines
24:26 Castle Age
23:48 Bloodlines
25:44 Iron Casting
BiGy
7:13 Loom
9:37 Feudal Age
10:08 Double-Bit Axe
10:48 Horse Collar
17:47 Scale Barding Armor
18:54 Forging
23:36 Bloodlines
27:17 Castle Age
25:52 Gold Mining
28:15 Chain Barding Armor
27:58 Husbandry
28:11 Bow Saw
30:24 Iron Casting
30:56 Wheelbarrow
Connection lost

Rejoining the realm…

Still unreachable

The connection could not be restored.

Session expired

The server has moved on; the page needs a fresh start.